 Dungeon Crawl Stone Soup version 0.22-a0-162-g33bf127 (webtiles) character file.

14091 vishdafish the Carver (level 11, -6/80 HPs)
             Began as a Demonspawn Berserker on Feb 12, 2018.
             Was a High Priest of Trog.
             Mangled by a white ugly thing (30 damage)
             ... on level 12 of the Dungeon.
             The game lasted 00:43:36 (14014 turns).

vishdafish the Carver (Demonspawn Berserker)       Turns: 14014, Time: 00:43:36

Health: -6/80      AC: 11    Str: 20    XL:     11   Next: 84%
Magic:  15/15      EV: 16    Int:  9    God:    Trog [*****.]
Gold:   692        SH:  0    Dex: 15    Spells: 10/10 levels left

rFire    + . .     SeeInvis .   e - -1 scimitar (curse)
rCold    . . .     Gourm    .   (no shield)
rNeg     + . .     Faith    .   Q - +3 scale mail
rPois    .         Spirit   .   (helmet unavailable)
rElec    .         Reflect  .   B - +0 cloak
rCorr    .         Harm     .   (no gloves)
MR       .....                  (no boots)
Stlth    +.........             (no amulet)
HPRegen  0.23/turn              v - ring of protection from fire
MPRegen  0.14/turn              r - ring of positive energy

@: about to teleport
A: horns 3, thin skeletal structure 1, powered by death 1
a: Berserk, Trog's Hand, Brothers in Arms, Burn Spellbooks, Renounce Religion


You were on level 12 of the Dungeon.
You worshipped Trog.
Trog was extremely pleased with you.
You were not hungry.

You visited 1 branch of the dungeon, and saw 12 of its levels.
You also visited: Ossuary.

You collected 692 gold pieces.

Inventory:

Hand Weapons
 a - a +1 falchion
 e - a cursed -1 scimitar (weapon)
 n - a +2 short sword of venom
 F - a +8 antimagic quick blade
 J - a +2 vampiric halberd
 M - a cursed -3 scimitar
 O - a +1 scimitar
Missiles
 l - 6 javelins (quivered)
 p - 60 poisoned needles
Armour
 b - a +0 animal skin
 s - a +3 leather armour
 y - a +0 leather armour of cold resistance
 B - a +0 cloak (worn)
 G - a +0 chain mail of fire resistance
 L - a +0 troll leather armour
 Q - a +3 scale mail (worn)
Jewellery
 r - a ring of positive energy (right hand)
 v - a ring of protection from fire (left hand)
 D - an uncursed ring of protection from magic
Wands
 j - a wand of polymorph (20)
 t - a wand of iceblast (11)
 I - a wand of flame (50)
Scrolls
 d - 3 scrolls of fog
 g - a scroll of immolation
 h - 2 scrolls of enchant weapon
 m - 2 scrolls of random uselessness
 u - 3 scrolls of amnesia
 w - a scroll of enchant armour
 A - a scroll of noise
 E - 3 scrolls of brand weapon
 K - a scroll of fear
 N - a scroll of teleportation
Potions
 f - 2 potions of degeneration
 i - 2 potions of berserk rage
 k - 5 potions of curing
 o - 4 potions of haste
 q - a potion of mutation
 x - a potion of cancellation
 z - 3 potions of brilliance
 C - a potion of agility
 H - a potion of flight {unknown}
 R - a potion of heal wounds
 S - a potion of resistance {unknown}
Comestibles
 c - 4 rations
 P - a chunk of flesh


   Skills:
 - Level 5.3 Fighting
 + Level 11.2 Long Blades
 - Level 4.2 Throwing
 - Level 4.0 Armour
 + Level 10.9 Dodging
 - Level 5.4 Evocations


You had 10 spell levels left.
You didn't know any spells.

Dungeon Overview and Level Annotations

Branches:
Dungeon (12/15)            Temple (0/1) D:7            Lair (0/6) D:8
    Orc (0/2) D:12

Altars:
Dithmenos
Gozag
Kikubaaqudgha
Nemelex Xobeh
Okawaru
Qazlal
Trog
Wu Jian
Yredelemnul
The Shining One

Shops:
D:12 (


Innate Abilities, Weirdness & Mutations

You have a pair of large horns on your head.
You have a somewhat thin skeletal structure. (Dex +2, Stealth)
You regenerate a little health from kills.


Message History

The white ugly thing is lightly wounded.
The white ugly thing tail-slaps you but does no damage.
You slash the white ugly thing! You headbutt the white ugly thing.
The white ugly thing is moderately wounded.
You barely miss the white ugly thing.
You headbutt the white ugly thing, but do no damage.
The white ugly thing is moderately wounded.
The white ugly thing tail-slaps you! The white ugly thing freezes you!!
An orc comes into view. It is wielding a mace.
You are too injured to fight recklessly!
You are too injured to fight recklessly!
You are too injured to fight recklessly!
You are too injured to fight recklessly!
Okay, then.
Okay, then.
As you read the scroll of teleportation, it crumbles to dust.
You feel strangely unstable. The white ugly thing tail-slaps you!
* * * LOW HITPOINT WARNING * * *
The white ugly thing freezes you!!
You die...

..............
#............#
#............##
#.............#
#.............#
#######.........$...#
.......).............
.......o)..[).(......
######.)#####@$.....#
#..# #.u.>...# #..#
#.......# #.(#
#...∩...# #..#
#.$...%.# #...
......... ####
......... #########


You could see a white ugly thing and an orc.

Vanquished Creatures
  2 two-headed ogres
  3 orc knights (D:11)
  Pikel (D:8)
  Joseph (D:7)
  The ghost of mhoghedin the Stinger, a novice DrVM (D:5)
  A troll (D:11)
  2 hippogriffs
  A shadow (D:10)
  A wyvern (D:10)
  3 wraiths (D:11)
  2 yaks (D:9)
  A human (D:8)
  2 hungry ghosts
  14 wargs (D:11)
  3 porcupines (D:8)
  An ice beast (D:9)
  8 orc warriors
  3 slaves
  A phantom (D:7)
  2 black bears
  2 sky beasts
  A hornet zombie (D:7)
  3 ogres
  5 centaurs
  7 bullfrogs
  3 scorpions
  A water moccasin skeleton (D:8)
  8 killer bees (D:9)
  10 wights
  A howler monkey (D:11)
  A centaur zombie (D:8)
  A bullfrog zombie (D:6)
  8 human zombies
  6 crimson imps
  6 orc priests
  2 centaur skeletons
  5 hounds
  2 human skeletons (D:11)
  3 iguanas
  10 worker ants
  6 orc wizards
  2 hell rats (D:8)
  2 hound zombies
  A hound skeleton (D:5)
  4 mummies
  4 worker ant zombies
  4 gnolls (D:7)
  8 adders
  3 shadow imps
  3 adder zombies
  2 worms (D:2)
  2 dart slugs (D:2)
  6 leopard geckos
  55 orcs
  8 giant cockroaches
  3 goblins
  6 hobgoblins
  7 jackals
  8 quokkas
  A ball python (D:2)
  8 bats
  3 frilled lizards
  4 gnoll zombies (Ossuary)
  9 goblin zombies
  5 hobgoblin zombies (Ossuary)
  3 jackal zombies
  9 kobolds
  3 kobold zombies (Ossuary)
  A leopard gecko skeleton (D:7)
  3 orc zombies (Ossuary)
  7 rats
  3 rat zombies
  A plant (D:11)
332 creatures vanquished.

Vanquished Creatures (collateral kills)
  An orc warlord (D:11)
  2 yaks (D:9)
  5 killer bees
  An orc (D:11)
  A rat (D:8)
10 creatures vanquished.

Vanquished Creatures (others)
  An adder (D:8)
1 creature vanquished.

Grand Total: 343 creatures vanquished

Notes
Turn   | Place    | Note
-------+----------+-------------------------------------------
     0 | D:1      | vishdafish the Demonspawn Berserker began the quest for the Orb.
     0 | D:1      | Reached XP level 1. HP: 18/18 MP: 1/1
   466 | D:1      | Gained mutation: You regenerate a little health from kills. [demonic ancestry]
   466 | D:1      | Reached XP level 2. HP: 24/24 MP: 2/2
   596 | D:1      | Reached skill level 3 in Long Blades
  1757 | D:2      | Gained mutation: You have a pair of small horns on your head. [demonic ancestry]
  1757 | D:2      | Reached XP level 3. HP: 29/29 MP: 3/3
  1833 | D:2      | Reached ** piety under Trog
  2381 | D:3      | Found a bloodstained altar of Trog.
  2667 | D:3      | Reached XP level 4. HP: 19/35 MP: 4/4
  3063 | D:3      | Found an ornate altar of the Wu Jian Council.
  3063 | D:3      | Found a shadowy altar of Dithmenos.
  3064 | D:3      | Found an ancient bone altar of Kikubaaqudgha.
  3101 | D:3      | Found an iron altar of Okawaru.
  3270 | D:3      | Paralysed by an orc for 4 turns
  3717 | D:4      | Reached XP level 5. HP: 41/41 MP: 5/5
  3854 | D:4      | Reached skill level 1 in Throwing
  3992 | D:4      | Reached skill level 4 in Long Blades
  4517 | D:4      | Reached *** piety under Trog
  4607 | D:4      | Gained mutation: You have a pair of horns on your head. [demonic ancestry]
  4607 | D:4      | Reached XP level 6. HP: 44/47 MP: 6/6
  5031 | D:5      | Entered Level 5 of the Dungeon
  5064 | D:5      | Noticed mhoghedin's ghost (novice DrVM)
  5632 | D:5      | Killed mhoghedin's ghost
  5632 | D:5      | Reached XP level 7. HP: 52/52 MP: 7/7
  5995 | D:6      | Found a glowing golden altar of the Shining One.
  6679 | D:7      | Reached skill level 5 in Long Blades
  6718 | D:7      | Found a sand-covered staircase.
  6721 | Ossuary  | Entered an ossuary
  6741 | Ossuary  | Reached XP level 8. HP: 59/59 MP: 8/8
  6848 | Ossuary  | Reached skill level 1 in Evocations
  6883 | Ossuary  | Reached **** piety under Trog
  7264 | D:7      | Noticed Joseph
  7281 | D:7      | Killed Joseph
  7380 | D:7      | Found a staircase to the Ecumenical Temple.
  7450 | D:7      | Found a stormy altar of Qazlal.
  7992 | D:7      | Reached skill level 5 in Dodging
  8150 | D:8      | Found a staircase to the Lair.
  8150 | D:8      | Noticed a death yak
  8154 | D:8      | Noticed a death yak
  8363 | D:8      | Gained mutation: You have a pair of large horns on your head. [demonic ancestry]
  8363 | D:8      | Reached XP level 9. HP: 67/67 MP: 12/12
  8460 | D:7      | Reached skill level 5 in Fighting
  8577 | D:8      | Noticed Pikel
  8803 | D:8      | Killed Pikel
  8803 | D:8      | Reached skill level 6 in Long Blades
  8803 | D:8      | Reached skill level 5 in Evocations
  9025 | D:8      | Noticed a death yak
  9107 | D:9      | Noticed a two-headed ogre
  9111 | D:9      | Killed a two-headed ogre
  9111 | D:9      | Reached skill level 7 in Long Blades
  9292 | D:9      | Reached ***** piety under Trog
  9292 | D:9      | Reached XP level 10. HP: 47/74 MP: 14/14
  9416 | D:9      | Received a gift from Trog
  9423 | D:9      | Reached skill level 8 in Long Blades
 10160 | D:8      | Found an opulent altar of Gozag.
 10165 | D:8      | Found a sparkling altar of Nemelex Xobeh.
 10852 | D:10     | Entered Level 10 of the Dungeon
 10970 | D:10     | Reached skill level 9 in Long Blades
 11336 | D:10     | Noticed a two-headed ogre
 11348 | D:10     | Killed a two-headed ogre
 11707 | D:10     | Gained mutation: You have a somewhat thin skeletal structure. (Dex +2, Stealth) [demonic ancestry]
 11707 | D:10     | Reached XP level 11. HP: 72/80 MP: 15/15
 12229 | D:11     | Noticed an orc knight
 12238 | D:11     | Killed an orc knight
 12238 | D:11     | Reached skill level 10 in Long Blades
 12285 | D:11     | Noticed an orc knight
 12293 | D:11     | Killed an orc knight
 12452 | D:11     | Reached skill level 10 in Dodging
 12787 | D:11     | Found a basalt altar of Yredelemnul.
 13466 | D:11     | Noticed an orc warlord
 13476 | D:11     | Killed an orc warlord
 13476 | D:11     | Reached skill level 11 in Long Blades
 13559 | D:11     | Noticed an orc knight
 13568 | D:11     | Killed an orc knight
 13568 | D:11     | Received a gift from Trog
 13975 | D:12     | Found a staircase to the Orcish Mines.
 13980 | D:12     | Found Qoreeh's Weapon Boutique.
 14006 | D:12     | Noticed a white ugly thing
 14014 | D:12     | Mangled by a white ugly thing

Vault maps used:
D:1:      sevenhm_arrival_forest_fort_small_5
D:3:      overflow_temple_1_default, nicolae_overflow_quartered_altars,
          first_ration
D:4:      minivault_1
D:6:      nicolae_tso_swordbearing_angel
D:7:      minmay_temple_entry_butterflies, enter_ossuary_4, basic_altar,
          uniq_joseph
D:8:      grunt_temple_overflow_opulence, kennysheep_mini, dpeg_lair_monsters,
          grunt_pizzeria, uniq_pikel
D:10:     stair_cage_line
D:11:     lemuel_castle_with_subvaults, minmay_misc_feat_iff,
          lemuel_mausoleum_altar_yredelemnul
D:12:     orc_david_3, basic_altar, uniq_josephine
Ossuary:  minmay_ossuary_two_tombs

Skill      XL: |  1  2  3  4  5  6  7  8  9 10 11 |
---------------+----------------------------------+-----
Armour         | 2 3 4 |  4.0
Long Blades    | 3 4 5 7 9 11 | 11.2
Dodging        | 2 3 4 5 7 9 10 | 10.9
Throwing       | 1 3 4 |  4.2
Evocations     | 4 5 |  5.4
Fighting       | 4 5 |  5.3

Action                   |  1- 3 |  4- 6 |  7- 9 | 10-12 || total
-------------------------+-------+-------+-------+-------++-------
Melee: Falchion          |   108 |    99 |   272 |   174 ||   653
       Headbutt          |     6 |    16 |    80 |   150 ||   252
       Unarmed           |       |       |     5 |       ||     5
       Scimitar          |       |       |       |   336 ||   336
Throw: Javelin           |     3 |     4 |    16 |    22 ||    45
Invok: Berserk           |     8 |     9 |    10 |    18 ||    45
       Brothers in Arms  |       |       |     1 |     3 ||     4
Evoke: Wand              |       |       |    23 |    22 ||    45
  Use: Scroll            |     3 |     9 |     6 |     6 ||    24
       Potion            |       |     3 |     1 |     2 ||     6
 Stab: Sleeping          |     2 |       |       |     3 ||     5
       Paralysed         |       |       |       |    13 ||    13
       Distracted        |       |       |       |     1 ||     1
  Eat: Chunk             |    11 |    11 |     5 |    29 ||    56
       Ration            |       |     2 |     5 |     3 ||    10
Armor: Animal skin       |    22 |     2 |       |       ||    24
       Leather armour    |       |    14 |    79 |    62 ||   155
       Skin              |       |     6 |       |       ||     6
       Scale mail        |       |       |       |    33 ||    33
Dodge: Dodged            |    90 |    63 |   176 |   370 ||   699
       Rpst.: Falchion   |    34 |    26 |    53 |    53 ||   166
       Scimitar          |       |       |       |    77 ||    77

Table legend:
 A = Spawn XP
 B = Non-spawn XP
 C = Spawn XP percentage of total XP
 D = Spawn monster count
 E = Non-spawn monster count
 F = Spawn count percentage of total count
 G = Total turns spent on level
                    A         B        C        D         E        F      G
               +---------+---------+-------+---------+---------+-------+---------
         Total |       0 |   20130 |   0.0 |       0 |     338 |   0.0 | 14014
               +---------+---------+-------+---------+---------+-------+---------
           D:1 |       0 |      26 |   0.0 |       0 |      18 |   0.0 |  1039
           D:2 |       0 |      57 |   0.0 |       0 |      21 |   0.0 |  1328
           D:3 |       0 |      81 |   0.0 |       0 |      17 |   0.0 |  1286
           D:4 |       0 |     258 |   0.0 |       0 |      15 |   0.0 |  1378
           D:5 |       0 |     560 |   0.0 |       0 |      15 |   0.0 |   916
           D:6 |       0 |     134 |   0.0 |       0 |       5 |   0.0 |   573
           D:7 |       0 |    1433 |   0.0 |       0 |      25 |   0.0 |  1715
           D:8 |       0 |    2354 |   0.0 |       0 |      36 |   0.0 |  1184
           D:9 |       0 |    3397 |   0.0 |       0 |      30 |   0.0 |  1085
          D:10 |       0 |    2553 |   0.0 |       0 |      23 |   0.0 |  1053
          D:11 |       0 |    8842 |   0.0 |       0 |      91 |   0.0 |  2059
          D:12 |       0 |     231 |   0.0 |       0 |       7 |   0.0 |    50
       Ossuary |       0 |     204 |   0.0 |       0 |      35 |   0.0 |   348
               +---------+---------+-------+---------+---------+-------+---------
